 Dungeon Crawl Stone Soup version 0.24-a0-769-g368c1644f8 (webtiles) character file.

Game seed: 12493489341944615155, levelgen mode: deterministic

70 Argons the Sneak (level 4, -3/24 HPs)
             Began as a Kobold Wizard on Oct 6, 2019.
             Killed from afar by Natasha (7 damage)
             ... with a magic dart
             ... on level 2 of the Dungeon.
             The game lasted 00:11:48 (2761 turns).

Argons the Sneak (Kobold Wizard)                    Turns: 2761, Time: 00:11:49

Health: -3/24      AC:  2    Str:  4    XL:     4   Next: 44%
Magic:  0/8        EV: 15    Int: 20    God:
Gold:   109        SH:  0    Dex: 13    Spells: 4/9 levels left

rFire    . . .     SeeInvis .   c - +0 short sword
rCold    . . .     Gourm    .   (shield restricted)
rNeg     . . .     Faith    .   a - +0 robe
rPois    .         Spirit   .   b - +0 hat
rElec    .         Reflect  .   (no cloak)
rCorr    .         Harm     .   (no gloves)
MR       .....                  (no boots)
Stlth    +++.......             (no amulet)
HPRegen  0.08/turn              (no ring)
MPRegen  0.11/turn              (no ring)

@: very slightly contaminated
A: small, carnivore
a: no special abilities


You were on level 2 of the Dungeon.
You were very full.

You visited 1 branch of the dungeon, and saw 3 of its levels.

You collected 109 gold pieces.

Inventory:

Hand Weapons
 c - a +0 short sword (weapon)
Missiles
 o - 3 atropa-tipped darts (quivered)
Armour
 a - a +0 robe (worn)
 b - a +0 hat (worn)
Scrolls
 g - a scroll of remove curse
Potions
 e - a potion of resistance {unknown}
 f - a potion of brilliance {unknown}
 h - a potion of haste {unknown}
 i - a potion of curing {unknown}
 j - a potion of magic {unknown}
 k - 2 potions of lignification {unknown}
 l - a potion of heal wounds {unknown}
Comestibles
 d - 3 rations
 m - a chunk of flesh


   Skills:
 - Level 2.4 Dodging
 + Level 4.7 Stealth
 - Level 3.2 Spellcasting
 + Level 2.8 Conjurations
 - Level 1.0 Summonings
 - Level 1.0 Translocations


You had 4 spell levels left.
You knew the following spells:

 Your Spells              Type           Power        Failure   Level  Hunger
a - Magic Dart            Conj           ##..         4%          1    None
b - Call Imp              Summ           #.......     14%         2    ##.....
c - Blink                 Tloc           N/A          14%         2    ##.....

Your spell library contained the following spells:

 Spells                   Type           Power        Failure   Level  Hunger
 Slow                     Hex            #.......     22%         2    ##.....
 Conjure Flame            Conj/Fire      #.......     24%         3    ###....
 Mephitic Cloud           Conj/Pois/Air  #.......     28%         3    ###....


Dungeon Overview and Level Annotations

Branches:
Dungeon (3/15)

Altars:
Dithmenos

Annotations:
D:2 Natasha


Innate Abilities, Weirdness & Mutations

You are small and have problems with some larger weapons.
You are carnivorous and can eat meat at any time.


Message History

You completely miss Natasha.
Natasha is almost dead.
Natasha misses you.
You barely miss Natasha.
Natasha is almost dead.
Natasha claws you.
Casting: Magic Dart (safe; 4% risk of failure)
Confirm with . or Enter, or press ? or * to list all spells.
Aiming: Magic Dart (safe; 4% risk of failure)
Press: ? - help, Shift-Dir - straight line, f - Natasha
Aim: Natasha (almost dead)
The magic dart hits Natasha but does no damage.
Natasha is almost dead.
Natasha claws you.
* * * LOW HITPOINT WARNING * * *
You hit Natasha but do no damage.
Natasha is severely wounded.
Natasha stares at you and mumbles some strange words.
The magic dart hits you!
You die...

...###....#....##...#.#########.#
...# ####.#....##...............#
...# #.#.##.##.#.#.###########
#### #.#.##..#.#.#.#
#.#.##..#.#.#.# #.#.##....#.#.#
###.......#.#.###########
####...##.#...........#
#...@h5.......#####.#
#..####.####### #.# #..# #.# #.#
## #..# #.# #.#
.############..####.###### #.#
.........................######.#
.########......)..............#.#
.# #########.#####.###########.#
.# #........)# #.# #.#


You could see Natasha and a white imp.

Vanquished Creatures
  2 adders
  A worm (D:2)
  3 dart slugs
  A leopard gecko (D:2)
  4 bats (D:1)
  5 giant cockroaches
  4 goblins (D:1)
  2 hobgoblins
  2 jackals (D:1)
  4 frilled lizards
  7 kobolds
  6 rats
41 creatures vanquished.

Notes
Turn   | Place    | Note
-------+----------+-------------------------------------------
     0 | D:1      | Argons the Kobold Wizard began the quest for the Orb.
     0 | D:1      | Reached XP level 1. HP: 10/10 MP: 4/4
    94 | D:1      | Reached skill level 3 in Stealth
   218 | D:1      | Reached XP level 2. HP: 5/15 MP: 0/6
   222 | D:1      | Learned a level 2 spell: Call Imp
   225 | D:1      | Learned a level 2 spell: Blink
   762 | D:1      | Reached XP level 3. HP: 8/19 MP: 0/7
  1119 | D:1      | Reached skill level 4 in Stealth
  1466 | D:2      | Found a shadowy altar of Dithmenos.
  1778 | D:2      | Reached XP level 4. HP: 24/24 MP: 5/8
  2551 | D:3      | Noticed Natasha
  2761 | D:2      | Killed from afar by Natasha

Levels and vault maps discovered:
D:1:      lemuel_arrival_funnel, layout_basic, st_stairs_3
D:2:      layout_basic, nicolae_dithmenos_through_a_glass_darkly
D:3:      layout_basic, overflow_temple_1_default, first_ration, uniq_natasha

Skill      XL: |  1  2  3 |
---------------+----------+-----
Stealth        | 3 4 |  4.7
Conjurations   | 2 |  2.8
Dodging        | |  2.4
Spellcasting   | |  3.2
Summonings     | |  1.0
Translocations | |  1.0

Action                   |  1- 3 |  4- 6 || total
-------------------------+-------+-------++-------
Melee: Short sword       |    53 |     5 ||    58
       Unarmed           |     3 |       ||     3
 Cast: Magic Dart        |    70 |    34 ||   104
  Use: Scroll            |     1 |     1 ||     2
 Stab: Sleeping          |     2 |       ||     2
  Eat: Chunk             |    11 |     2 ||    13
Armor: Robe              |    13 |       ||    13
Dodge: Dodged            |    69 |     2 ||    71

Table legend:
 A = Non-vault XP
 B = Vault XP
 C = Vault XP percentage of total XP
 D = Non-vault monster count
 E = Vault monster count
 F = Vault count percentage of total count
                 A         B        C        D         E       F
            +---------+---------+-------+---------+---------+-------
      Total |      96 |       4 |   4.0 |      39 |       2 |   4.9
            +---------+---------+-------+---------+---------+-------
        D:1 |      46 |       4 |   8.0 |      26 |       2 |   7.1
        D:2 |      33 |       0 |   0.0 |      10 |       0 |   0.0
        D:3 |      17 |       0 |   0.0 |       3 |       0 |   0.0
            +---------+---------+-------+---------+---------+-------
